 Dungeon Crawl Stone Soup version 0.29-a0-823-gc37b1572da (webtiles) character file.

Game seed: 4582538281378457337

1601 IdlyInterested the Cudgeller (level 8, -1/58 HPs)
             Began as a Demonspawn Fighter on July 8, 2022.
             Succumbed to a gnoll's poison
             ... on level 5 of the Dungeon.
             The game lasted 00:10:52 (4442 turns).

IdlyInterested the Cudgeller (Demonspawn Fighter)   Turns: 4442, Time: 00:10:53

Health: -1/58      AC: 19    Str: 18    XL:     8   Next: 62%
Magic:  8/8        EV:  7    Int: 11    God:
Gold:   93         SH:  0    Dex: 12    Spells: 7/7 levels left

rFire   . . .      SeeInvis .   r - +1 whip (freeze)
rCold   . . .      Faith    .   c - +0 buckler
rNeg    . . .      Spirit   .   t - +0 chain mail
rPois   .          Reflect  .   f - +0 helmet
rElec   .          Harm     .   n - +0 cloak
rCorr   .          Rampage  .   (no gloves)
Will    .....                   g - +0 pair of boots
Stlth   ..........              (no amulet)
HPRegen 0.19/turn               e - +4 ring of slaying
MPRegen 0.11/turn               p - +4 ring of protection

@: confused, lethally poisoned (-1 -> -41), ambrosia-drunk
A: yellow scales 2, demonic magic 1, weakness stinger 2
a: no special abilities


You were on level 5 of the Dungeon.
You visited 1 branch of the dungeon, and saw 5 of its levels.

You collected 93 gold pieces.

Inventory:

Hand Weapons
 a - a +0 flail
 r - a +1 whip of freezing (weapon)
Missiles
 l - 4 curare-tipped darts (quivered)
Armour
 b - a +0 scale mail
 c - a +0 buckler (worn)
 f - a +0 helmet (worn)
 g - a +0 pair of boots (worn)
 k - a scarf of harm
 n - a +0 cloak (worn)
 t - a +0 chain mail (worn)
Jewellery
 e - a +4 ring of slaying (left hand)
 j - a ring of ice
 p - a +4 ring of protection (right hand)
Wands
 o - a wand of paralysis (14)
 q - a wand of light (7)
Scrolls
 i - 2 scrolls of fear
 s - a scroll of identify
Potions
 d - 2 potions of might
 h - a potion of haste
 u - a potion of brilliance


   Skills:
 - Level 3.0 Fighting
 * Level 6.9 Maces & Flails
 - Level 3.0 Armour
 - Level 3.0 Dodging
 - Level 3.0 Shields
 * Level 6.4 Hexes
 + Level 2.1 Evocations


You had 7 spell levels left.
You didn't know any spells.
Your spell library contained the following spells:

 Spells                   Type           Power      Damage    Failure   Level
 Ensorcelled Hibernation  Hex/Ice        14%        N/A       95%         2
 Inner Flame              Hex/Fire       7%         N/A       99%         3
 Cause Fear               Hex            7%         N/A       99%         4
 Spider Form              Tmut/Pois      0%         N/A       100%        3
 Anguish                  Hex/Necr       3%         N/A       100%        4
 Hailstorm                Conj/Ice       0%         3d3       100%        4
 Ice Form                 Ice/Tmut       0%         N/A       100%        4
 Simulacrum               Ice/Necr       0%         N/A       100%        6
 Discord                  Hex            7%         N/A       100%        8


Dungeon Overview and Level Annotations

Branches:
Dungeon (5/15)
 Temple: D:4-7

Altars:
Yredelemnul


Innate Abilities, Weirdness & Mutations

You are mostly covered in yellow scales. (AC +3)
Spells you cast may paralyse adjacent enemies.
You have a tail ending in a sharp stinger.


Message History

You closely miss the gnoll.
You feel very sick.
The gnoll hits you with a +1 flail of venom!
You are more poisoned.
The gnoll hits you but does no damage.
You hit the gnoll. You freeze the gnoll.
The gnoll is moderately wounded.
You feel very sick. The gnoll hits you but does no damage.
The gnoll hits you with a +1 flail of venom.
You are more poisoned.
You hit the gnoll. You freeze the gnoll.
The gnoll is heavily wounded.
You feel very sick. The gnoll hits you but does no damage.
You are lethally poisoned!
The gnoll barely misses you.
You barely miss the gnoll.
The gnoll is heavily wounded.
You feel very sick.
You hit the gnoll. You freeze the gnoll.
The gnoll is severely wounded.
You feel very sick.
The gnoll hits you with a +1 flail of venom.
* * * LOW HITPOINT WARNING * * *
You are more poisoned.
The gnoll barely misses you.
You closely miss the gnoll. You tail-slap the gnoll.
You kill the gnoll!
* * * LOW HITPOINT WARNING * * *
You feel very sick. The gnoll hits you but does no damage.
You are more poisoned.
The gnoll attacks as you move away! The gnoll hits you but does no damage.
You are more poisoned.
* * * LOW HITPOINT WARNING * * *
You feel extremely sick.
You are confused.
You feel invigorated.
You die...

##........
##.....###
#...#..#
#......#
#∩.##### #..#
...# ### ####
##.# ##?[$
+#..## ##.#
#.....##@...#
####
.....lgg.)..#
#
...8..g##..##
.......##'##
#.....##..##
##$$$##....#
# #####'.)..#
# ##..##..##
### +....####


You could see an iguana and 3 gnolls.

Vanquished Creatures
  Pikel (D:4)
  Grinder (D:4)
  The ghost of Sabo the Shield-Bearer, an amateur FoFi of Hepliaklqana (D:4)
  Blork the orc (D:4)
  A phantom (D:5)
  A necrophage (D:4)
  2 scorpions (D:5)
  A jelly (D:4)
  A hound (D:5)
  2 orc priests (D:5)
  3 iguanas
  An orc wizard (D:5)
  Robin (D:4)
  5 gnolls
  7 adders
  A worm (D:4)
  A dart slug (D:3)
  6 orcs
  8 ball pythons
  3 bats
  6 endoplasms
  5 giant cockroaches
  13 goblins
  18 hobgoblins
  4 jackals (D:1)
  3 quokkas
  A frilled lizard (D:3)
  6 kobolds
  3 rats
107 creatures vanquished.

Notes
Turn   | Place    | Note
-------+----------+-------------------------------------------
     0 | D:1      | IdlyInterested the Demonspawn Fighter began the quest for
                  | the Orb.
     0 | D:1      | Reached XP level 1. HP: 18/18 MP: 1/1
   121 | D:1      | Gained mutation: Spells you cast may paralyse adjacent
                  | enemies. [demonic ancestry]
   121 | D:1      | Reached XP level 2. HP: 18/24 MP: 2/2
   259 | D:1      | You fall into a shaft and drop 1 floor!
   507 | D:1      | Gained mutation: You are partially covered in yellow
                  | scales. (AC +2) [demonic ancestry]
   507 | D:1      | Reached XP level 3. HP: 29/29 MP: 3/3
  1138 | D:2      | Found a faded altar of an unknown god.
  1246 | D:2      | Gained mutation: You have a small tail. [demonic ancestry]
  1246 | D:2      | Reached XP level 4. HP: 35/35 MP: 4/4
  1788 | D:3      | Reached skill level 1 in Hexes
  2123 | D:3      | Reached skill level 1 in Dodging
  2123 | D:3      | Gained mutation: You have a tail ending in a sharp stinger.
                  | [demonic ancestry]
  2123 | D:3      | Reached XP level 5. HP: 25/41 MP: 5/5
  2508 | D:4      | Noticed Robin
  2532 | D:4      | Killed Robin
  2658 | D:4      | Noticed Sabo's ghost (amateur FoFi)
  2661 | D:4      | Found a runed translucent door.
  2761 | D:4      | Reached XP level 6. HP: 46/47 MP: 6/6
  2864 | D:4      | Noticed Blork the orc
  2875 | D:4      | Killed Blork the orc
  2936 | D:4      | Noticed Pikel
  2958 | D:4      | Killed Pikel
  2959 | D:4      | Reached skill level 5 in Maces & Flails
  2959 | D:4      | Gained mutation: You are mostly covered in yellow scales.
                  | (AC +3) [demonic ancestry]
  2959 | D:4      | Reached XP level 7. HP: 14/52 MP: 7/7
  3445 | D:4      | Found a basalt altar of Yredelemnul.
  3700 | D:4      | Noticed Grinder
  3700 | D:4      | Paralysed by Grinder for 4 turns
  3718 | D:4      | Killed Grinder
  3719 | D:4      | Reached skill level 5 in Hexes
  3719 | D:4      | Reached XP level 8. HP: 52/58 MP: 8/8
  3895 | D:4      | Killed Sabo's ghost
  3896 | D:4      | Reached skill level 1 in Evocations
  4052 | D:5      | Entered Level 5 of the Dungeon
  4441 | D:5      | HP: 1/58 [poisoned by a gnoll]
  4442 | D:5      | Succumbed to a gnoll's poison

Illustrated notes

Levels and vault maps discovered:
D:1:      nicolae_arrival_washed_ashore, layout_rooms,
          hangedman_abyss_or_decor_stabs, hangedman_decor_peaks_small
D:2:      layout_loops_ring, ebering_ecumenical_altar_abandoned
D:3:      layout_basic
D:4:      layout_layer_cave, general_overflow_altar,
          hellmonk_ghost_happy_afterlife, minmay_misc_feat_tiny, uniq_robin,
          uniq_pikel, uniq_grinder, uniq_blork_the_orc
D:5:      minmay_bubble_buster, layout_basic, minmay_temple_entry_butterflies,
          abandoned_shop

Skill      XL: |  1  2  3  4  5  6  7  8 |
---------------+-------------------------+-----
Maces & Flails | 2 3 4 5 6 |  6.9
Armour         | 3 |  3.0
Shields        | 3 |  3.0
Hexes          | 1 2 4 5 6 |  6.4
Dodging        | 1 2 3 |  3.0
Evocations     | 2 |  2.1
Fighting       | |  3.0

Action                   |  1- 3 |  4- 6 |  7- 9 || total
-------------------------+-------+-------+-------++-------
Melee: Flail             |    92 |   114 |    13 ||   219
       Tailslap          |       |    13 |    16 ||    29
       Whip              |       |       |    79 ||    79
Throw: Dart              |       |     2 |       ||     2
  Use: Scroll            |     2 |     5 |       ||     7
       Potion            |       |     1 |     2 ||     3
Armor: Scale mail        |    63 |    63 |    23 ||   149
       Chain mail        |       |       |    18 ||    18
Dodge: Dodged            |    45 |    43 |    23 ||   111
Block: Buckler           |    25 |    27 |    11 ||    63

Table legend: (Time is in decaauts)
 A = Elapsed time spent in this place.
 B = Non-inter-level travel time spent in this place.
 C = Inter-level travel time spent in this place.
 D = Time resting spent in this place.
 E = Time spent auto-exploring this place.
 F = Levels seen in this place.
 G = Mean time per level.
                   A        B        C        D        E       F      G
               +--------+--------+--------+--------+--------+-----+--------+
         Total |   4486 |   4391 |     95 |    600 |   2894 |   5 |  897.2 |
       Dungeon |   4486 |   4391 |     95 |    600 |   2894 |   5 |  897.2 |
               +--------+--------+--------+--------+--------+-----+--------+

Top non-repeatable levels by time:
     D:4: 1724 daAuts
     D:1: 858 daAuts
     D:2: 784 daAuts
     D:3: 743 daAuts
     D:5: 376 daAuts
